 Dungeon Sprint DCSS version 0.23.0 (webtiles) character file.

Game seed: 1269078824686422772

492 Kairos the Blocker (level 7, -20/62 HPs)
             Began as a Formicid Fighter on Feb 12, 2019.
             Was an Elder of the Shining One.
             Killed from afar by a red draconian (23 damage)
             ... with a searing blast
             ... in the Dungeon (Sprint V: "Ziggurat Sprint").
             The game lasted 00:04:09 (433 turns).

Kairos the Blocker (Formicid Fighter)                Turns: 433, Time: 00:04:10

Health: -20/62     AC: 28    Str: 32    XL:     7   Next: 37%
Magic:  6/9        EV:  3    Int:  8    God:    the Shining One [****..]
Gold:   0          SH: 37    Dex: 15    Spells: 9/9 levels left

rFire    . . .     SeeInvis +   h - +5 executioner's axe
rCold    . . .     Gourm    .   G - +18 shield of the Gong {rElec rN+ MR+ EV-5}
rNeg     + + +     Faith    .   F - +15 Maxwell's patent armour {-Cast -Tele rElec MR+ rCorr}
rPois    .         Spirit   .   (helmet unavailable)
rElec    +         Reflect  .   (no cloak)
rCorr    +         Harm     .   (no gloves)
MR       ++...     NoCast   +   (no boots)
Stlth    ..........             (no amulet)
HPRegen  0.20/turn              C - +6 ring of strength
MPRegen  0.11/turn              J - ring of Faetij {rCorr Str+4 Dex+5}

@: lethally poisoned (-20 -> -21), divine shield, glowing
A: permanent stasis, dig shafts and tunnels, four strong arms, antennae 3
a: Dig, Divine Shield, Cleansing Flame, Renounce Religion


You were in the Dungeon.
You worshipped the Shining One.
The Shining One was greatly pleased with you.
You were not hungry.

You visited 1 branch

Inventory:

Hand Weapons
 h - a +5 executioner's axe (weapon)
 t - the +7 flail "Commyreg" {venom, rPois rF++ rC+++ Str-2}
   (You found it in the Dungeon)

   It poisons the flesh of those it strikes.
   It affects your strength (-2).
   It greatly protects you from fire.
   It renders you almost immune to cold.
   It protects you from poison.
 E - the +9 heavy crossbow "Sniper" {velocity, Acc+∞ SInv}
   (You found it in the Dungeon)

   Any bolt fired from it inflicts extra damage.
   It lets you see invisible.
 H - the +7 great mace "Firestarter" {inner flame, rF++}
   (You found it in the Dungeon)

   It has been specially enchanted to burn those struck by it, causing extra
   injury to most foes and up to half again as much damage against particularly
   susceptible opponents.
   It greatly protects you from fire.
 I - the +8 lance "Wyrmbane" {slay drac, rPois rF+ rC+ AC+3}
   (You found it in the Dungeon)

   It affects your AC (+3).
   It protects you from fire.
   It protects you from cold.
   It protects you from poison.
Missiles
 j - 1000 bolts
Armour
 a - a +5 crystal plate armour
 b - +5 gold dragon scales
 c - +5 shadow dragon scales
 F - the +15 Maxwell's patent armour (worn) {-Cast -Tele rElec MR+ rCorr}
   (You found it in the Dungeon)

   It insulates you from electricity.
   It affects your resistance to hostile enchantments.
   It prevents spellcasting.
   It prevents most forms of teleportation.
   It provides partial protection from all sources of acid and corrosion.
 G - the +18 shield of the Gong (worn) {rElec rN+ MR+ EV-5}
   (You found it in the Dungeon)

   It affects your evasion (-5).
   It insulates you from electricity.
   It protects you from negative energy.
   It affects your resistance to hostile enchantments.
Jewellery
 y - a +6 ring of dexterity
 z - a +6 ring of dexterity
 A - a +6 ring of intelligence
 B - a +6 ring of intelligence
 C - a +6 ring of strength (left hand)
 D - a +6 ring of strength
 J - the ring of Faetij (right hand) {rCorr Str+4 Dex+5}
   (You found it in the Dungeon)

   [ring of resist corrosion]

   It affects your strength (+4).
   It affects your dexterity (+5).
Wands
 v - a wand of disintegration (7)
 w - a wand of iceblast (7)
 x - a wand of acid (7)
Scrolls
 k - 4 scrolls of amnesia
 l - 7 scrolls of fog
 m - a scroll of holy word
 n - 5 scrolls of identify
 o - 5 scrolls of remove curse
 p - 2 scrolls of fear
Potions
 d - 6 potions of might
 e - 9 potions of curing
 g - 14 potions of heal wounds
 i - 7 potions of magic
 q - 2 potions of brilliance
 r - 2 potions of invisibility
 s - 4 potions of resistance
 u - 5 potions of agility
Miscellaneous
 K - a fan of gales
Comestibles
 f - 7 rations


   Skills:
 + Level 8.1 Fighting
 + Level 8.4(8.6) Axes
 + Level 1.5(5.5) Maces & Flails
 + Level 1.5(5.5) Polearms
 + Level 1.8 Crossbows
 + Level 1.6 Throwing
 + Level 7.3 Armour
 + Level 1.3 Dodging
 + Level 3.1 Stealth
 + Level 8.8 Shields
 + Level 1.5 Unarmed Combat
 + Level 1.5 Spellcasting
 + Level 1.7 Evocations


You had 9 spell levels left.
You didn't know any spells.
Your spell library contained the following spells:

 Spells                   Type           Power        Failure   Level  Hunger
 Shock                    Conj/Air       #...         96%         1    ##.....
 Swiftness                Chrm/Air       #.......     99%         2    ###....
 Cause Fear               Hex            #.........   100%        4    #####..
 Silence                  Hex/Air        #.........   100%        5    ######.
 Yara's Violent Unravell  Hex/Tmut       #.........   100%        5    ######.
 Deflect Missiles         Chrm/Air       #.........   100%        6    #######
 Discord                  Hex            #.........   100%        8    #######
 Tornado                  Air            #.........   100%        9    #######


Dungeon Overview and Level Annotations

Branches:
Dungeon (1/1)

Altars:
Ashenzari
Cheibriados
Dithmenos
Elyvilon
Fedhas
Gozag
Hepliaklqana
Kikubaaqudgha
Makhleb
Nemelex Xobeh
Okawaru
Qazlal
Ru
Sif Muna
Trog
Uskayaw
Vehumet
Wu Jian
Xom
Yredelemnul
Zin
The Shining One
Beogh
Jiyva
Lugonu

Annotations:
D 1 transporter


Innate Abilities, Weirdness & Mutations

You cannot be hasted, slowed, berserked, paralysed or teleported.
You can dig through walls and to a lower floor.
Your four strong arms can wield two-handed weapons with a shield.
You have a pair of large antennae on your head. (SInv)


Message History

* * * LOW HITPOINT WARNING * * *
The draconian hits you but does no damage.
You block the draconian's attack.
BONNNG!
The draconian hits you but does no damage.
The red draconian breathes flames at you.
The searing blast hits you but does no damage.
You block the draconian's attack.
SHROANNG!
The draconian hits you but does no damage.
The draconian hits you.
* * * LOW HITPOINT WARNING * * *
You hit the red draconian but do no damage.
The red draconian is moderately wounded.
You slice the draconian!!
Your shield and Maxwell's patent armour prevent you from hitting the draconian.
You slice the draconian!! x2
The red draconian breathes flames at you.
The searing blast hits you!!
You die...

▓.÷÷..▓.....▓..)..▓
▓.....▓.....▓..©..▓
▓..©..▓..©..▓▓▓▓▓▓▓
▓▓▓▓▓▓▓▓▓▓▓▓▓▓▓▓▓▓▓
▓..8©8...▓..8©8...▓
▓..).|...▓..:)|...▓
▓........▓..).|...▓
▓..).....▓.ddd....▓
▓..[)....▓.d@d....▓
{
▓........▓.▓....▓.▓
{
▓...©....▓..☼©....▓
▓▓▓▓▓▓▓▓▓▓▓▓▓▓▓▓▓▓▓


{{{{ {{{ {{{ {{{ You could see a red draconian and 4 draconians.

Vanquished Creatures
  Sigmund (D)
  A porcupine (D)
  Blork the orc (D)
  A wight (D)
  An orc priest (D)
  Crazy Yiuf (D)
  An orc wizard (D)
  Jessica (D)
  A river rat (D)
  An orc (D)
  A bat zombie (D)
  2 jackals (D)
13 creatures vanquished.

Notes
Turn   | Place    | Note
-------+----------+-------------------------------------------
     0 | D        | Found the +6 Majin-Bo {vamp, Archmagi MP+6 Int+6}
     0 | D        | Found the +7 great mace "Firestarter" {inner flame, rF++}
     0 | D        | Kairos the Formicid Fighter began the quest for the Orb.
     0 | D        | Reached XP level 1. HP: 18/18 MP: 1/1
    19 | D        | Found a blossoming altar of Fedhas.
    20 | D        | Found a viscous altar of Jiyva.
    20 | D        | Found a hazy altar of Hepliaklqana.
    20 | D        | Found a transporter.
    20 | D        | Found an opulent altar of Gozag.
    20 | D        | Found an ancient bone altar of Kikubaaqudgha.
    20 | D        | Found a corrupted altar of Lugonu.
    32 | D        | Found a burning altar of Makhleb.
    33 | D        | Found a stormy altar of Qazlal.
    33 | D        | Found a sacrificial altar of Ru.
    33 | D        | Found an iron altar of Okawaru.
    33 | D        | Found a deep blue altar of Sif Muna.
    33 | D        | Found a sparkling altar of Nemelex Xobeh.
    33 | D        | Found a bloodstained altar of Trog.
    51 | D        | Found the +9 heavy crossbow "Sniper" {velocity, Acc+∞ SInv}
    51 | D        | Found the +10 dark maul {crush}
    51 | D        | Found the +15 Maxwell's patent armour {-Cast -Tele rElec
                  | MR+ rCorr}
    51 | D        | Found the +18 shield of the Gong {rElec rN+ MR+ EV-5}
    51 | D        | Found the cursed +14 obsidian axe {chop, +Fly SInv *Curse}
    53 | D        | Found the +6 shillelagh "Devastator" {shatter}
    53 | D        | Found the +11 plutonium sword {*Contam Stlth-}
    53 | D        | Found the +8 lance "Wyrmbane" {slay drac, rPois rF+ rC+
                  | AC+3}
    53 | D        | Found the +9 sword of Zonguldrok {reap}
    53 | D        | Found the cursed +13 scythe of Curses {drain, *Curse}
    53 | D        | Found the +0 sword of Power
    53 | D        | Found the +7 mace of Variability {chain chaos}
    53 | D        | Found the +7 Singing Sword {slice, sonic wave}
    53 | D        | Found the +7 longbow "Piercer" {penet, EV-2}
    76 | D        | Reached skill level 1 in Maces & Flails
    76 | D        | Reached skill level 1 in Polearms
    76 | D        | Reached skill level 1 in Crossbows
    76 | D        | Reached skill level 1 in Throwing
    76 | D        | Reached skill level 1 in Dodging
    76 | D        | Reached skill level 1 in Unarmed Combat
    76 | D        | Reached skill level 1 in Spellcasting
    76 | D        | Reached skill level 1 in Evocations
    76 | D        | Reached XP level 2. HP: 25/25 MP: 1/4
   113 | D        | Became a worshipper of the Shining One
   132 | D        | Entered arena 2.
   132 | D        | Noticed a wight
   132 | D        | Reached * piety under the Shining One
   132 | D        | Found a transporter.
   135 | D        | Killed a wight
   135 | D        | Reached skill level 5 in Fighting
   135 | D        | Reached skill level 5 in Shields
   135 | D        | Reached XP level 3. HP: 33/33 MP: 5/5
   135 | D        | Reached XP level 4. HP: 39/39 MP: 6/6
   144 | D        | Entered arena 3.
   144 | D        | Reached ** piety under the Shining One
   144 | D        | Found a transporter.
   148 | D        | Reached skill level 5 in Armour
   149 | D        | Reached XP level 5. HP: 46/46 MP: 7/7
   156 | D        | Entered arena 4.
   156 | D        | Noticed a porcupine
   156 | D        | Reached *** piety under the Shining One
   156 | D        | Found a transporter.
   159 | D        | Killed a porcupine
   159 | D        | Reached skill level 5 in Axes
   159 | D        | Reached XP level 6. HP: 23/53 MP: 8/8
   396 | D        | Got the Tome of Feathers
   401 | D        | Got the +7 flail "Commyreg" {venom, rPois rF++ rC+++ Str-2}
   404 | D        | Entered arena 5.
   404 | D        | Noticed Sigmund
   404 | D        | Noticed Jessica
   404 | D        | Noticed Blork the orc
   404 | D        | Noticed Crazy Yiuf
   404 | D        | Found a transporter.
   407 | D        | Killed Crazy Yiuf
   407 | D        | Killed Jessica
   407 | D        | Reached **** piety under the Shining One
   410 | D        | Killed Blork the orc
   412 | D        | Killed Sigmund
   412 | D        | Reached XP level 7. HP: 61/62 MP: 9/9
   418 | D        | Got the ring of Faetij {rCorr Str+4 Dex+5}
   424 | D        | Entered arena 6.
   424 | D        | Noticed a draconian
   424 | D        | Noticed a draconian
   424 | D        | Noticed a red draconian
   424 | D        | Noticed a draconian
   424 | D        | Noticed a draconian
   424 | D        | Reached ***** piety under the Shining One
   424 | D        | Found a transporter.
   425 | D        | Identified the +4 dire flail "Aneamies" {vamp, rC+ Dex+3
                  | Stlth-}
   432 | D        | HP: 3/62 [draconian (2)]
   433 | D        | Killed from afar by a red draconian

Skill      XL: |  1  2  3  4  5  6 |
---------------+-------------------+-----
Fighting       | 4 5 6 8 |  8.1
Maces & Flails | 1 |  1.5
Polearms       | 1 |  1.5
Crossbows      | 1 |  1.8
Throwing       | 1 |  1.6
Dodging        | 1 |  1.3
Stealth        | 3 |  3.1
Shields        | 4 5 6 7 8 |  8.8
Unarmed Combat | 1 |  1.5
Spellcasting   | 1 |  1.5
Evocations     | 1 |  1.7
Axes           | 3 4 5 8 |  8.4
Armour         | 4 5 6 7 |  7.3

Action                   |  1- 3 |  4- 6 |  7- 9 || total
-------------------------+-------+-------+-------++-------
Melee: Executioner's axe |     3 |    12 |     5 ||    20
Invok: Divine Shield     |       |       |     1 ||     1
  Use: Potion            |     1 |       |     1 ||     2
Armor: Plate armour      |     1 |     2 |    12 ||    15
Dodge: Dodged            |       |     1 |       ||     1
Block: Shield            |     2 |    20 |    23 ||    45
